Map: Lost and Found LE

Players

Odin - Winner!

  • Race: Zerg Zerg
  • League: Gold
  • Spawn Location: 1:00

Rence

  • Race: Terran Terran
  • League: Silver
  • Spawn Location: 7:00

VOD

Have the link to the VOD?

Description

Time

  • Played on: Aug. 18, 2018, 5:26 a.m.
  • Length: 11:13
Show
View Real Time Build Order
Export as new Build Order

Odin Zerg - Winner!

Build Orders: Pool First, Zergling Baneling 

Get SALT Encoding   

  12  0:06  Drone  
  13  0:13  Overlord  
  13  0:23  Drone  
  13  0:27  Extractor  
  13  0:28  Drone  
  15  0:36  Drone  
  16  0:46  Drone  
  16  0:47  Extractor  
  16  0:50  Spawning Pool  
  16  0:55  Drone  
  16  1:01  Drone  
  17  1:13  Drone  
  18  1:23  Drone  
  19  1:33  Drone  
  19  1:36  Queen  
  22  1:43  Baneling Nest  
  21  1:49  Zergling x2  
  22  1:56  Overlord  
  22  2:07  Metabolic Boost  
  22  2:17  Queen  
  22  2:18  Hatchery  
  23  2:24  Zergling x4  
  25  2:44  Zergling x4  
  27  2:54  Zergling x6  
  30  3:06  Baneling x2  
  30  3:22  Overlord x2  
  29  3:29  Baneling x3  
  29  3:30  Baneling x3  
  29  3:35  Overlord  
  29  3:39  Queen  
  31  3:43  Drone x4  
  31  3:44  Zergling x2  
  36  3:58  Zergling x4  
  34  4:10  Zergling x4  
  33  4:24  Zergling x4  
  33  4:25  Zergling x6  
  38  4:32  Zergling x2  
  39  4:39  Drone x2  
  39  4:44  Lair  
  41  5:00  Baneling x4, Hatchery  
  38  5:12  Zergling x14  
  38  5:13  Zergling x2  
  37  5:29  Zergling x6  
  40  5:40  Drone x5, Roach Warren  
  43  5:56  Zergling x6  
  36  6:24  Drone  
  36  6:25  Drone x3, Queen x2  
  42  6:27  Queen  
  44  6:48  Drone x6  
  44  6:49  Overlord x3  
  50  7:07  Queen  
  52  7:09  Roach x2  
  52  7:10  Roach x2  
  60  7:24  Pneumatized Carapace  
  60  7:27  Roach x4  
  68  7:30  Drone x3  
  68  7:36  Glial Reconstitution  
  71  7:37  Extractor  
  55  8:06  Roach x7  
  55  8:11  Queen  
  60  8:28  Zergling x4  
  60  8:29  Zergling x14  
  61  8:40  Zergling x4  
  61  8:41  Zergling x4  
  55  9:09  Hatchery  
  54  9:24  Extractor  
  54  9:25  Extractor  
  52  9:32  Hatchery  
  52  9:33  Zergling x16  
  52  9:34  Zergling x6  
  62  9:46  Drone x2  
  58  10:18  Zergling x10  
  58  10:19  Zergling x2  
  63  10:35  Zergling x8  
  65  10:49  Zergling x4  
  66  10:50  Zergling x2  
Show
View Real Time Build Order
Export as new Build Order

Rence Terran 

Build Orders:  

Get SALT Encoding   

  12  0:01  SCV  
  13  0:15  Supply Depot  
  13  0:19  SCV  
  14  0:31  SCV  
  15  0:41  Barracks  
  15  0:45  Refinery  
  15  0:52  Supply Depot  
  15  0:54  SCV  
  16  1:06  Refinery  
  16  1:08  SCV  
  17  1:20  SCV  
  18  1:32  SCV  
  19  1:42  Factory  
  19  1:45  SCV  
  20  1:50  Barracks Reactor  
  20  1:57  SCV  
  21  2:09  SCV  
  22  2:26  Factory Reactor  
  22  2:27  Marine x2  
  24  2:34  Supply Depot  
  24  2:36  Orbital Command  
  24  2:45  Marine x2  
  26  3:03  Marine x2  
  26  3:04  Cyclone x2  
  34  3:21  Marine  
  35  3:30  Marine  
  36  3:36  Cyclone  
  39  3:42  Supply Depot  
  39  4:03  Marine x2  
  39  4:04  Cyclone  
  36  4:21  Marine  
  37  4:29  Cyclone  
  37  4:31  Marine  
  41  4:36  Cyclone  
  44  4:39  Marine  
  45  4:48  Marine  
  46  4:56  Marine  
  47  5:06  Marine  
  47  5:10  Cyclone  
  44  5:33  Cyclone  
  47  5:53  Marine x2  
  47  5:55  Cyclone  
  40  6:05  Cyclone  
  43  6:11  Marine x2  
  45  6:29  Marine  
  46  6:35  Cyclone  
  42  6:49  Cyclone  
  42  6:51  Marine x2  
  47  7:06  Supply Depot  
  47  7:10  Supply Depot  
  47  7:27  Marine x2  
  47  7:28  Cyclone x2  
  55  7:31  SCV  
  56  7:45  Marine  
  23  9:03  Cyclone x2  
  29  9:12  Command Center  
  29  9:15  Marine  
  29  9:16  Marine  
  31  9:23  Bunker  
  31  9:32  Factory  
  31  9:33  Marine x2  
  31  9:35  Cyclone x2  
  39  9:45  SCV  
  40  9:51  Marine x2  
  42  9:57  SCV  
  34  10:07  Cyclone x2  
  34  10:09  Marine x2, SCV  
  38  10:27  Marine x2  
  31  10:55  Factory Reactor  
Tags
 
Add a new tag
Caveats
  • Supply blocks, unpowered buildings, or Contaminate may cause inaccurate times.
  • Supply counts are checked every 10 seconds.